[Event "Late-Titled-Tuesday-Blitz-March-05-2024"]
[Site "Chess.com"]
[Date "2024.03.05"]
[Round "2"]
[White "xhembulla"]
[Black "SpeedofLight0"]
[Result "0-1"]
[WhiteElo "2648"]
[BlackElo "3092"]
[TimeControl "180+1"]
[EndTime "14:17:39 PST"]
[Termination "SpeedofLight0 won by resignation"]

1. e4 Nc6 2. Nf3 d6 3. d4 Nf6 4. Nc3 g6 5. Bc4 Nxe4 6. Nxe4 d5 7. Bd3 dxe4 8. Bxe4 Bg7 9. c3 O-O 10. O-O Bf5 11.
Qe2 Bxe4 12. Qxe4 e6 13. Bg5 Qd7 14. Qh4 Rfe8 15. Rad1 a5 16. Bf6 a4 17. Bxg7 Kxg7 18.
Qf4 Ra5 19. h4 h6 20. Rfe1 Rf5 21. Qe4 Rb5 22. d5 f5 23. Qxa4 Rxd5 24. Rxd5 Qxd5 25. Rd1 Qc5 26. Rd7+ Re7 27. Rxe7+ Qxe7 28. b4 Qd6 29. b5 Ne7 30. Qd4+ Qxd4 31. Nxd4 Kf6 32. a4 b6 33. c4 Ke5 34. Nb3 Ke4 35. c5 Kd5 36. cxb6 cxb6 37. a5 bxa5 38. Nxa5 Kc5 39. Nb7+ Kxb5 40.
Nd8 e5 41. Nf7 e4 42. Nxh6 Kc4 43. Nf7 Kd5 44. Ng5 Nc6 45. Nh3 Ke5 46. Ng5 Nd4 47. g3 Nf3+ 48. Nxf3+ exf3 49. Kh2 Ke4 50. g4 fxg4 51. Kg3 Kf5 52. Kh2 Kf4 53. Kg1 g3 54. fxg3+ Kxg3 55. Kf1 Kxh4 56. Kf2 Kg4 0-1

[Event "Late-Titled-Tuesday-Blitz-March-05-2024"]
[Site "Chess.com"]
[Date "2024.03.05"]
[Round "2"]
[White "Hrant_ChessMood"]
[Black "tolimachess"]
[Result "0-1"]
[WhiteElo "2984"]
[BlackElo "2436"]
[TimeControl "180+1"]
[EndTime "14:17:39 PST"]
[Termination "tolimachess won on time"]

1. e4 c5 2. Nf3 Nc6 3. Bb5 g6 4. O-O Bg7 5. Bxc6 bxc6 6. c3 Nf6 7. Re1 O-O 8. h3 Rb8 9. d3 d6 10. c4 Nd7 11. Nc3 Qa5 12. Qc2 Ne5 13. Nxe5 Bxe5 14. Bd2 Qb6 15. b3 f5 16. f4 Bd4+ 17. Kh1 fxe4 18. dxe4 e5 19. fxe5 Bxe5 20. Bh6 Rf7 21. Rf1 Rbb7 22. Rad1 Qd8 23. Be3 Qh4 24. Bf2 Qh5 25.
Qd3 Bg4 26. Rc1 Rf3 27. Be3 Rxh3+ 28. Kg1 Rxe3 29. Qd2 Bd4 30. Rf2 Rf7 31. Rcf1 Rxf2 32. Qxf2 Rxc3 0-1

[Event "Late-Titled-Tuesday-Blitz-March-05-2024"]
[Site "Chess.com"]
[Date "2024.03.05"]
[Round "2"]
[White "prime-morty"]
[Black "ckgchess"]
[Result "0-1"]
[WhiteElo "2601"]
[BlackElo "2922"]
[TimeControl "180+1"]
[EndTime "14:17:41 PST"]
[Termination "ckgchess won by resignation"]

1. c4 g6 2. Nc3 Bg7 3. g3 Nf6 4.
Bg2 O-O 5. e4 e5 6. Nge2 Nc6 7.
O-O d6 8. d3 Nd7 9. f4 f5 10.
exf5 gxf5 11. Be3 Nf6 12. Kh1 Bd7 13. Qd2 Qe8 14. Nd5 Rc8 15. Rae1 Qh5 16. Nxf6+ Rxf6 17. fxe5 dxe5 18. d4 e4 19. Nf4 Qe8 20. Nd5 Rf7 21.
b4 Ne7 22. Nf4 Ng6 23. Nh5 Bh8 24. Bg5 Qe6 25. d5 Qe5 26. g4 Re8 27. gxf5 Rxf5 28. Rxf5 Bxf5 29. Nf4 e3 30. Qe2 Nxf4 31. Bxf4 Qxf4 32.
Qh5 Bg6 33. Qh3 e2 34. d6 cxd6 35. Bd5+ Kf8 36. Bg2 Bf6 37. Qd7 Bc3 38. Bd5 0-1

[Event "Late-Titled-Tuesday-Blitz-March-05-2024"]
[Site "Chess.com"]
[Date "2024.03.05"]
[Round "2"]
[White "RantomOpening"]
[Black "Adham_Fawzy"]
[Result "1-0"]
[WhiteElo "2584"]
[BlackElo "2801"]
[TimeControl "180+1"]
[EndTime "14:17:42 PST"]
[Termination "RantomOpening won on time"]

1. c4 c5 2. Nf3 Nc6 3. Nc3 e5 4.
e3 Nf6 5. d4 e4 6. d5 exf3 7. dxc6 dxc6 8. Qxd8+ Kxd8 9. gxf3 g6 10. b3 Bg7 11. Bb2 Ke7 12. O-O-O b6 13. Bg2 Be6 14. f4 Rac8 15. h3 Rhd8 16. Rxd8 Kxd8 17. Rd1+ Ke7 18. Ne2 Ne8 19. Bxg7 Nxg7 20. e4 b5 21. cxb5 cxb5 22. Ng3 a5 23. Bf1 c4 24. bxc4 Bxc4 25.
Kb2 Ne6 26. f5 Nf4 27. fxg6 hxg6 28. Bxc4 Rxc4 29. h4 Rb4+ 30. Kc3 Ra4 31. Kb3 Ne6 32. Rd5 Rc4 33. Rxb5 Rc1 34. Rxa5 Nd4+ 35. Kb2 Rc2+ 36. Kb1 Rxf2 37. Ra7+ Ke6 38. h5 Ke5 39. h6 f6 40.
h7 Rh2 41. Ra5+ Kf4 42. Nh5+ Ke3 43. h8=Q 1-0

[Event "Late-Titled-Tuesday-Blitz-March-05-2024"]
[Site "Chess.com"]
[Date "2024.03.05"]
[Round "2"]
[White "bancsoo"]
[Black "ljuks68"]
[Result "1-0"]
[WhiteElo "2892"]
[BlackElo "2413"]
[TimeControl "180+1"]
[EndTime "14:17:43 PST"]
[Termination "bancsoo won on time"]

1. a3 e5 2. c4 Nf6 3. Nc3 d5 4.
cxd5 Nxd5 5. Nf3 Nc6 6. Qc2 f6 7. e3 Be6 8. Bd3 g6 9. h4 f5 10. Bb5 Bg7 11. d4 e4 12. Ng5 Bg8 13. Bd2 h6 14. Nh3 Qd6 15. Nxd5 Bxd5 16. Bb4 Qd7 17. Nf4 g5 18. Nxd5 Qxd5 19. Bxc6+ Qxc6 20. Qxc6+ bxc6 21. Rc1 Kd7 22. Rc5 Raf8 23. Ra5 Rf7 24. hxg5 hxg5 25. Rxh8 Bxh8 26. Rxa7 f4 27. Ra8 Bg7 28. Rg8 f3 29. g4 Bf6 30. Rg6 Ke6 31. Bc3 Kd5 32.
Kd2 Kc4 33. Kc2 Be7 34. Rxc6+ Kd5 35. Rh6 Bd6 36. Rh5 Rg7 37. a4 Kc6 38. b4 Kb7 39.
Kb3 1-0

[Event "Late-Titled-Tuesday-Blitz-March-05-2024"]
[Site "Chess.com"]
[Date "2024.03.05"]
[Round "2"]
[White "Alexei_Gubajdullin"]
[Black "SharathRk6"]
[Result "1-0"]
[WhiteElo "2636"]
[BlackElo "2386"]
[TimeControl "180+1"]
[EndTime "14:17:43 PST"]
[Termination "Alexei_Gubajdullin won by resignation"]

1. Nf3 Nf6 2. g3 g6 3. Bg2 Bg7 4. O-O O-O 5. d3 d5 6. Nbd2 Nbd7 7. e4 c6 8. Qe2 e6 9. Re1 b6 10. Nf1 Bb7 11. e5 Ne8 12. h4 c5 13. h5 d4 14.
N1h2 Qc7 15. Bf4 Qd8 16. Ng4 Nc7 17. Bg5 Qc8 18. Bf6 Nd5 19. Bxg7 Kxg7 20. Qd2 Rh8 21.
Qh6+ Kg8 22. Ng5 Qf8 23. c4 dxc3 24. bxc3 Rb8 25. c4 Nb4 26. Bxb7 Rxb7 27. Rad1 Nc2 28. Re4 Nd4 29. Kg2 b5 30. Rf4 Qxh6 31. Nxh6+ Kg7 32.
Nhxf7 Rf8 33. h6+ Kg8 34. Nd6 Rxf4 35. Nxb7 Rf5 36. Ne4 Nxe5 37. Nbxc5 Ng4 38. cxb5 Nxb5 39. Nxe6 Kf7 40. N6g5+ Kg8 41. Rc1 Rf8 42. Rc5 Nd4 43. Rc7 Nf5 44. Nxh7 Rf7 45. Rc8+ Kxh7 46. Ng5+ Kxh6 47.
Nxf7+ Kg7 48. Rc7 Kf6 49. Rxa7 Nxf2 50. Kxf2 1-0

[Event "Late-Titled-Tuesday-Blitz-March-05-2024"]
[Site "Chess.com"]
[Date "2024.03.05"]
[Round "2"]
[White "JoakimVonAnd"]
[Black "Quattroporte300"]
[Result "1-0"]
[WhiteElo "2707"]
[BlackElo "2464"]
[TimeControl "180+1"]
[EndTime "14:17:44 PST"]
[Termination "JoakimVonAnd won by resignation"]

1. d4 d5 2. Nf3 Nf6 3. Bf4 g6 4. e3 Bg7 5. h3 c6 6. Bd3 Nbd7 7. O-O O-O 8. c4 Re8 9. Nc3 dxc4 10. Bxc4 Nb6 11.
Be2 Nfd5 12. Bh2 Bf5 13. Qb3 h6 14. Ne5 Be6 15. Qc2 Rc8 16. Rfd1 Nb4 17. Qd2 N4d5 18. Ne4 Nd7 19. Nxd7 Bxd7 20. Nc5 b5 21. a4 e5 22. dxe5 Bxe5 23. Bxe5 Rxe5 24. e4 Bxh3 25.
exd5 Rg5 26. Bf3 cxd5 27. Qd4 Qb6 28. b4 bxa4 29. Rxa4 Qb5 30. Rxa7 Bxg2 31. Bxg2 Qe2 32. Nd7 Qf3 33. Nf6+ Kf8 34. Nh7+ Kg8 35. Nxg5 1-0

[Event "Late-Titled-Tuesday-Blitz-March-05-2024"]
[Site "Chess.com"]
[Date "2024.03.05"]
[Round "2"]
[White "Willhaven3"]
[Black "Polish_fighter3000"]
[Result "0-1"]
[WhiteElo "2650"]
[BlackElo "3106"]
[TimeControl "180+1"]
[EndTime "14:17:45 PST"]
[Termination "Polish_fighter3000 won by resignation"]

1. d4 Nf6 2. Nf3 g6 3. c4 Bg7 4. Nc3 O-O 5. e4 d6 6. Be2 Nbd7 7. Be3 e5 8. Qc2 c6 9. Rd1 exd4 10. Nxd4 Re8 11. O-O Qe7 12. Nb3 a5 13. a4 Ne5 14.
Bg5 h6 15. Bh4 g5 16. Bg3 Nfd7 17. Nd4 Nc5 18. Rfe1 Bd7 19. Bf1 Rad8 20. f3 h5 21. Bf2 h4 22. h3 Ng6 23. Nf5 Bxf5 24. exf5 Ne5 25. Ne4 Nxe4 26. Rxe4 Bf6 27. Bb6 Ra8 28. Qd2 Kg7 29. Bxa5 d5 30. cxd5 Qc5+ 31. Kh1 Qxa5 32.
b4 Qxa4 33. f4 gxf4 34. Rde1 Rad8 35. Qxf4 Rxd5 36. Rxe5 Rdxe5 37. Rxe5 Rxe5 38. Qg4+ Kf8 39. Qd4 Qc2 40. Qd6+ Kg7 41. Qd4 Qc1 42. Qg4+ Qg5 43. Qf3 Rxf5 44. Qd3 Qf4 45. Be2 Rd5 0-1

[Event "Late-Titled-Tuesday-Blitz-March-05-2024"]
[Site "Chess.com"]
[Date "2024.03.05"]
[Round "2"]
[White "TheCavemanChess"]
[Black "Noki102"]
[Result "1-0"]
[WhiteElo "2714"]
[BlackElo "2531"]
[TimeControl "180+1"]
[EndTime "14:17:45 PST"]
[Termination "TheCavemanChess won on time"]

1. Nf3 d5 2. g3 Bg4 3. Bg2 e6 4. O-O Bd6 5. c4 c6 6. d3 Ne7 7. Qb3 Qb6 8. Be3 Qxb3 9. axb3 a6 10. Nc3 Nd7 11. h3 Bh5 12. g4 Bg6 13. Bd2 f6 14.
Nd4 Bf7 15. Nc2 O-O 16. b4 e5 17. b3 b5 18. cxd5 cxd5 19. d4 Rfc8 20. Ra2 Nb6 21. Rfa1 Bg6 22. e4 exd4 23. Nxd4 Bxb4 24. Nxd5 Nexd5 25. exd5 Bxd2 26. Rxd2 Rd8 27. d6 Rxd6 28. Bxa8 Nxa8 29.
Nf3 Rxd2 30. Nxd2 Nc7 31. f4 Bd3 32. Kf2 Nd5 33. Rxa6 Nxf4 34. Ke3 g5 35. Rxf6 Nd5+ 36.
Kxd3 Nxf6 37. Kd4 h5 38. Ne4 Kf7 39. gxh5 Nxh5 40. Nxg5+ Kf6 41. Ne4+ Ke6 42. Kc5 Ke5 43. Nf2 Kf4 44. Kxb5 Kg3 45. Ne4+ Kxh3 46. Kc6 Nf4 47.
b4 1-0

[Event "Late-Titled-Tuesday-Blitz-March-05-2024"]
[Site "Chess.com"]
[Date "2024.03.05"]
[Round "2"]
[White "karinachess1"]
[Black "Zhigalko_Sergei"]
[Result "0-1"]
[WhiteElo "2593"]
[BlackElo "2896"]
[TimeControl "180+1"]
[EndTime "14:17:47 PST"]
[Termination "Zhigalko_Sergei won by resignation"]

1. d4 Nf6 2. c4 e6 3. Nc3 Bb4 4. a3 Bxc3+ 5. bxc3 O-O 6. f3 c5 7.
e4 Nc6 8. Ne2 d6 9. Bg5 e5 10. d5 Na5 11. Nc1 b6 12. Nb3 Nxb3 13. Qxb3 Bd7 14. Bd3 Rb8 15. O-O h6 16. Bh4 g5 17. Bf2 Nh5 18. Rfe1 Nf4 19. Bf1 f5 20. g3 Ng6 21. exf5 Bxf5 22. a4 a5 23. Qd1 Qf6 24. Bg2 Rf7 25. Qd2 Rbf8 26. Ra2 Ne7 27. Rb2 Nc8 28. Be3 Qg6 29. Rf1 Bd3 30. Rf2 Bxc4 31.
Qd1 Qf5 32. Rbd2 Ne7 33. Qc1 Nxd5 34. Rb2 Qd7 35. Bd2 Qxa4 36. Be1 Qd7 37. Rbd2 Qe6 38. Rd1 b5 39. Qd2 a4 40. f4 e4 41. Qc2 Ne3 0-1

[Event "Late-Titled-Tuesday-Blitz-March-05-2024"]
[Site "Chess.com"]
[Date "2024.03.05"]
[Round "2"]
[White "GMAkobianSTL"]
[Black "chucksterf10"]
[Result "1-0"]
[WhiteElo "2820"]
[BlackElo "2570"]
[TimeControl "180+1"]
[EndTime "14:17:49 PST"]
[Termination "GMAkobianSTL won by resignation"]

1. d4 d5 2. c4 dxc4 3. e3 e5 4. Bxc4 exd4 5. exd4 Nf6 6. Qb3 Qd7 7. Nf3 Nc6 8. O-O Bd6 9. Re1+ Kf8 10. Bd2 h6 11. Ne5 Bxe5 12. dxe5 Ne8 13. Bc3 Qe7 14. Nd2 b6 15. e6 f6 16. Bd5 Bb7 17.
Nf3 Nd6 18. Nh4 Kg8 19. Ng6 Qe8 20. Nxh8 Kxh8 21. Rad1 Qe7 22. Qa4 b5 23. Qf4 a5 24.
a3 Rf8 25. Bxc6 Bxc6 26. Bxa5 g5 27. Qc1 Ba8 28. Qxc7 Qxc7 29. Bxc7 Ne8 30. e7 Rg8 31. Bb6 Kg7 32. Rd8 Bc6 33. Rc1 Be4 34. f3 Bg6 35. b3 Kf7 36. Bc5 Ke6 37. a4 bxa4 38. bxa4 h5 39. a5 Kf7 40. a6 Nc7 41. Rf8+ Kg7 42.
a7 g4 43. fxg4 Be4 44. Rxg8+ Kxg8 45. gxh5 Kf7 46. h6 Ne6 47. Re1 Bd5 48. Rxe6 Bxe6 49. a8=Q 1-0

[Event "Late-Titled-Tuesday-Blitz-March-05-2024"]
[Site "Chess.com"]
[Date "2024.03.05"]
[Round "2"]
[White "Rodalquilar"]
[Black "picturesquecheck"]
[Result "0-1"]
[WhiteElo "2788"]
[BlackElo "2423"]
[TimeControl "180+1"]
[EndTime "14:17:49 PST"]
[Termination "picturesquecheck won on time"]

1. d4 d6 2. e4 Nf6 3. Nc3 e5 4.
Nf3 Nbd7 5. Bc4 Be7 6. O-O O-O 7. Re1 c6 8. a4 h6 9. h3 Re8 10. Ba2 Qc7 11. a5 Bf8 12. d5 Nc5 13. b4 Ncd7 14. a6 c5 15. axb7 Bxb7 16. Nb5 Qb6 17.
bxc5 Nxc5 18. Rb1 Ncxe4 19. Nxd6 Qxf2+ 20. Kh1 Bxd6 21. Rxb7 Ng3+ 22. Kh2 e4 23. Ba3 Bf4 24. Bc1 exf3 25. Rg1 Bxc1 26. Qxc1 Ne2 27. Qe1 Qxg1+ 28. Qxg1 Nxg1 29. Kxg1 fxg2 30. d6 Red8 31. Rxf7 Kh8 32. Kxg2 Rxd6 33. Bb3 a5 34. Ba4 Rb8 35. Ra7 Rd5 36.
Bb3 Rg5+ 37. Kf3 Nd5 38. Rd7 Nb6 39. Rd6 a4 40. Bf7 a3 41. Rd1 Rf8 42. Ke4 Rxf7 43. Ra1 Re7+ 44. Kd3 Rd5+ 45. Kc3 Rc7+ 46. Kb3 Rdc5 47.
Rf1 Rc3+ 48. Ka2 Nc4 49. h4 Rxc2+ 50. Ka1 Na5 51. Rf3 Rb2 0-1

[Event "Late-Titled-Tuesday-Blitz-March-05-2024"]
[Site "Chess.com"]
[Date "2024.03.05"]
[Round "2"]
[White "GiorgianBarbosa"]
[Black "dimoni64"]
[Result "1-0"]
[WhiteElo "2423"]
[BlackElo "1951"]
[TimeControl "180+1"]
[EndTime "14:17:49 PST"]
[Termination "GiorgianBarbosa won by checkmate"]

1. d4 d5 2. Nc3 Nf6 3. Bf4 c6 4.
e3 g6 5. Bd3 Bg7 6. Nge2 O-O 7.
h4 h5 8. Be5 Nbd7 9. Nf4 Nxe5 10. dxe5 Ng4 11. e6 Qd6 12. exf7+ Rxf7 13. O-O e5 14.
Nh3 e4 15. Nf4 exd3 16. cxd3 d4 17. Ne4 Qe5 18. Qb3 Bf6 19. g3 Kg7 20. Rae1 dxe3 21. fxe3 b6 22. Re2 Ba6 23. Ne6+ Kh8 24. N6g5 Bxd3 25. Nxf7+ Kg7 26. Nxe5 Bxe5 27. Qf7+ Kh6 28. Ng5 Rh8 29. Rf6 Bxf6 30. Rd2 Bf5 31. Rd6 Bxg5 32.
hxg5+ Kxg5 33. Qe7+ Kh6 34. e4 Bc8 35. Rxc6 h4 36. Qxh4+ Kg7 37. Rc7+ Kf8 38. Qxh8# 1-0

[Event "Late-Titled-Tuesday-Blitz-March-05-2024"]
[Site "Chess.com"]
[Date "2024.03.05"]
[Round "2"]
[White "PNEPaul"]
[Black "semchik73"]
[Result "0-1"]
[WhiteElo "1931"]
[BlackElo "2421"]
[TimeControl "180+1"]
[EndTime "14:17:49 PST"]
[Termination "semchik73 won on time"]

1. e4 Nf6 2. Bc4 Nxe4 3. Bxf7+ Kxf7 4. Qh5+ g6 5. Qd5+ e6 6. Qxe4 Bg7 7. Qe2 Rf8 8. Nf3 Nc6 9. O-O Kg8 10. d3 d6 11. Nc3 e5 12. h3 Qf6 13. Nd5 Qf7 14. c4 h6 15. Be3 Bxh3 16. gxh3 Qxf3 17. Qxf3 Rxf3 18. Nxc7 Rc8 19. Kg2 Rxe3 20. fxe3 Rxc7 21. Rf2 Nb4 22. Rd2 e4 23. dxe4 Rxc4 24. Rxd6 Rxe4 25. Rd8+ Kh7 26. Rd7 Rxe3 27. Rxb7 Nd3 28. Rxa7 Re2+ 29. Kf3 Rxb2 30. Ke4 Nf2+ 31. Kd5 Nxh3 32. Rf1 Ng5 33. a4 Rd2+ 34. Kc4 Rd4+ 35. Kb5 h5 36. a5 Kh6 37. a6 h4 38. Rc7 Rd5+ 39. Kc6 Ra5 40. Kb7 Bd4 41. Rc6 h3 42. Rh1 Ra2 43. Rd6 Be3 44. Rd3 Bf2 45. Rdxh3+ Nxh3 46. Rxh3+ Kg5 47. Rf3 Bd4 48. Rd3 Bf2 49. Rf3 Kg4 50. Rb3 g5 0-1

[Event "Late-Titled-Tuesday-Blitz-March-05-2024"]
[Site "Chess.com"]
[Date "2024.03.05"]
[Round "2"]
[White "AlejandroArias"]
[Black "chrisclaireredfield"]
[Result "0-1"]
[WhiteElo "2355"]
[BlackElo "2567"]
[TimeControl "180+1"]
[EndTime "14:17:50 PST"]
[Termination "chrisclaireredfield won on time"]

1. e4 e5 2. Nf3 Nf6 3. Nxe5 d6 4. Nf3 Nxe4 5. d4 d5 6. Bd3 Bd6 7. O-O O-O 8. h3 Bf5 9. Nc3 Nxc3 10. bxc3 Bxd3 11.
Qxd3 Nd7 12. Qb5 Nb6 13. Bg5 f6 14. Bd2 c6 15. Qd3 Nc4 16. Rab1 b5 17. Rfe1 Qd7 18. Re2 Rfe8 19. Rbe1 Rxe2 20. Qxe2 a5 21. Nh2 a4 22. Ng4 Qf5 23. Bc1 h5 24. Ne3 Nxe3 25. Qxe3 Kh7 26. Qd3 Kg6 27. g4 hxg4 28. hxg4 Qxd3 29.
cxd3 Kf7 30. Kg2 b4 31. cxb4 Bxb4 32. Re2 Ra6 33. Rc2 Ke6 34. Kf3 Kd7 35. Kf4 g6 36. g5 Bd6+ 37. Kg4 f5+ 38. Kf3 Rb6 39. Bf4 Be7 40.
Ke2 Rb1 41. Be3 a3 42. Kd2 Rg1 43. Ke2 Bxg5 44. Bxg5 Rxg5 45. Rc3 Rg4 46. Rxa3 Rxd4 47. Ra7+ Kd6 48. Rg7 Rg4 49. Ke3 Kc5 50. f3 Rg2 0-1

[Event "Late-Titled-Tuesday-Blitz-March-05-2024"]
[Site "Chess.com"]
[Date "2024.03.05"]
[Round "2"]
[White "annacramling"]
[Black "becemix"]
[Result "0-1"]
[WhiteElo "2062"]
[BlackElo "2443"]
[TimeControl "180+1"]
[EndTime "14:17:51 PST"]
[Termination "becemix won on time"]

1. d4 Nf6 2. c4 c5 3. d5 e6 4. Nc3 exd5 5. cxd5 d6 6. e4 a6 7. a4 g6 8. f4 Bg7 9. Nf3 O-O 10. Be2 Re8 11.
Qc2 Qe7 12. e5 dxe5 13. fxe5 Ng4 14. Bg5 f6 15. exf6 Bxf6 16. Bxf6 Qxf6 17. O-O Ne3 18.
Qd2 Nxf1 19. Rxf1 Bg4 20. Ng5 Qd4+ 21. Qxd4 cxd4 22. Bxg4 dxc3 23. Be6+ Kh8 24. bxc3 h6 25. Nf7+ Kg7 26. Nd6 Re7 27. Nc8 Rxe6 28. dxe6 Nc6 29. Nd6 Rd8 30. Nxb7 Re8 31. Nc5 Ne5 32. Re1 Kf6 33. h3 a5 34. Nb7 Nc6 35. Nc5 Ke7 36. Rd1 Rc8 37. Rd7+ Kf6 38. Rf7+ Ke5 39. Rg7 Kf5 40.
Rf7+ Ke5 41. Rg7 Kd6 42. Ne4+ Kxe6 43. Rxg6+ Kf5 44. Rxh6 Kxe4 45. g4 Ne5 46. Re6 Rxc3 47. g5 Rxh3 48. Kf2 Rf3+ 49. Ke2 Rg3 50. Ra6 Nc4 0-1

[Event "Late-Titled-Tuesday-Blitz-March-05-2024"]
[Site "Chess.com"]
[Date "2024.03.05"]
[Round "2"]
[White "kleinebeer98"]
[Black "ozates"]
[Result "1/2-1/2"]
[WhiteElo "2882"]
[BlackElo "2598"]
[TimeControl "180+1"]
[EndTime "14:17:53 PST"]
[Termination "Game drawn - insufficient material"]

1. e4 c5 2. Nf3 Nc6 3. d4 cxd4 4. Nxd4 e5 5. Nxc6 bxc6 6. Bd3 Nf6 7. O-O Bc5 8. Kh1 d6 9. h3 h6 10. Nd2 g5 11.
Nc4 Be6 12. Be3 Bb6 13. Bxb6 axb6 14. Ne3 Qd7 15. Qf3 Ng8 16. Rfd1 h5 17. Qg3 g4 18.
h4 Ne7 19. Nc4 Qc7 20. a4 Ng6 21. Bf1 Rd8 22. a5 b5 23. Ne3 Qe7 24. c4 b4 25. c5 dxc5 26. Nf5 Bxf5 27. exf5 Qxh4+ 28. Qxh4 Nxh4 29. Bd3 Ke7 30. Be4 Rxd1+ 31. Rxd1 Ra8 32. Kh2 Kf6 33. Rd6+ Kg5 34. Rxc6 Rxa5 35. Rc7 Nxf5 36. Bxf5 Kxf5 37. Rxf7+ Ke6 38. Rc7 Kd6 39. Rh7 c4 40.
Rxh5 c3 41. bxc3 bxc3 42. Kg3 Ra4 43. Rh1 Kd5 44. Rd1+ Kc4 45. Kxg4 c2 46. Rc1 Kd3+ 47. Kf5 Rf4+ 48. Kxe5 Rxf2 49. g4 Rg2 50. Kf5 Kd2 51. Ra1 c1=Q 52. Rxc1 Kxc1 53. g5 Kd2 54. g6 Ke3 55.
Kf6 Rf2+ 56. Ke5 Rg2 57. Kf6 Kf4 58. g7 Rxg7 59. Kxg7 1/2-1/2

[Event "Late-Titled-Tuesday-Blitz-March-05-2024"]
[Site "Chess.com"]
[Date "2024.03.05"]
[Round "2"]
[White "ukchessbomber"]
[Black "martinez_95"]
[Result "1-0"]
[WhiteElo "2660"]
[BlackElo "2230"]
[TimeControl "180+1"]
[EndTime "14:17:53 PST"]
[Termination "ukchessbomber won by resignation"]

1. b4 e6 2. Bb2 d5 3. e3 c5 4. bxc5 Nd7 5. d4 Ngf6 6. Nf3 b6 7. cxb6 Qxb6 8. Bc1 Ne4 9. Bd3 Bb4+ 10. Ke2 Nc3+ 11. Nxc3 Bxc3 12. Ba3 Qa5 13. Bd6 Qb6 14. Ba3 Qa5 15. Bd6 Qb6 16. Bc5 Nxc5 17. Rb1 Qc7 18. dxc5 O-O 19. Bxh7+ Kxh7 20. Qd3+ Kg8 21. Qxc3 Ba6+ 22.
Kd2 Rac8 23. Ne5 Rfd8 24. Nd3 f6 25. c6 e5 26. Qc5 e4 27. Nb4 Bc4 28. Qd4 a5 29.
Nd3 exd3 30. cxd3 Qxc6 31. Rhc1 Qe6 32. Rb6 Qf5 33. f3 Bxa2 34. Ra1 Bc4 35. Rxa5 Qg6 36. g3 Rb8 37. Rxb8 Rxb8 38. dxc4 Rb2+ 39. Qxb2 dxc4 40. Qd4 Qb1 41. Ra8+ Kh7 42. Qe4+ 1-0

[Event "Late-Titled-Tuesday-Blitz-March-05-2024"]
[Site "Chess.com"]
[Date "2024.03.05"]
[Round "2"]
[White "ChessBrainiacOnTwitch"]
[Black "PenguinPacks"]
[Result "1-0"]
[WhiteElo "2789"]
[BlackElo "2405"]
[TimeControl "180+1"]
[EndTime "14:17:54 PST"]
[Termination "ChessBrainiacOnTwitch won on time"]

1. Nf3 Nf6 2. g3 g6 3. Bg2 Bg7 4. O-O O-O 5. d3 d5 6. Nbd2 Nc6 7. e4 e5 8. Re1 Re8 9. c3 a5 10.
a4 d4 11. Nc4 Nd7 12. h4 Nc5 13. cxd4 Nxd4 14. Nxd4 exd4 15. b3 Be6 16. Bg5 Qd7 17.
Rc1 b6 18. e5 Rab8 19. h5 Bg4 20. Bf3 gxh5 21. Rb1 Qf5 22. Bf4 Bxf3 23. Qxf3 Nxd3 24. Re4 Nxe5 25. Nxe5 Rxe5 26. Rbe1 Rxe4 27. Rxe4 Rd8 28. Qe2 Qd7 29. Re7 Qd5 30. Re8+ Rxe8 31. Qxe8+ Bf8 32.
Bxc7 d3 33. Qe1 d2 34. Qd1 Bb4 35. Bf4 Qf5 36. Kf1 Qg4 37. Qxg4+ hxg4 38. Ke2 f5 39. Be3 Kf7 40. Bxb6 Ke6 41. Be3 Kd5 42. Bxd2 Bxd2 43. Kxd2 Kc5 44. Kc3 h5 45. Kd3 f4 46. Ke4 1-0

[Event "Late-Titled-Tuesday-Blitz-March-05-2024"]
[Site "Chess.com"]
[Date "2024.03.05"]
[Round "2"]
[White "BilodeauA"]
[Black "Jarming"]
[Result "0-1"]
[WhiteElo "2979"]
[BlackElo "2648"]
[TimeControl "180+1"]
[EndTime "14:17:55 PST"]
[Termination "Jarming won on time"]

1. e4 c5 2. Nf3 d6 3. d4 cxd4 4.
Nxd4 Nf6 5. Nc3 g6 6. Be2 Bg7 7. Be3 O-O 8. O-O Nc6 9. Nb3 a5 10.
a4 Nb4 11. f4 Be6 12. Kh1 Rc8 13. Bf3 Nd7 14. Nd4 Bc4 15. Re1 Ba6 16. Be2 Nb6 17. Bxa6 bxa6 18. Bg1 e5 19. fxe5 Bxe5 20. Nf3 Bg7 21. Bd4 Bxd4 22. Nxd4 Re8 23. Qf3 Nc4 24. b3 Ne5 25. Qg3 Qc7 26. Re3 Qc5 27. Rd1 Nec6 28. Nf5 Nxc2 29. Nd5 Nxe3 30. Nf6+ Kh8 31. Qh4 h5 32.
Nxe8 Nxf5 33. Qf6+ Kg8 34. exf5 Rxe8 35. fxg6 Qd5 36. Rf1 Ne5 37. gxf7+ Nxf7 38. h3 Re2 39. Qg6+ Kf8 40. Rf3 Re1+ 41. Kh2 Qe5+ 42. Rg3 Re3 0-1

[Event "Late-Titled-Tuesday-Blitz-March-05-2024"]
[Site "Chess.com"]
[Date "2024.03.05"]
[Round "2"]
[White "Tugrik1969"]
[Black "MKlose11"]
[Result "0-1"]
[WhiteElo "2392"]
[BlackElo "2629"]
[TimeControl "180+1"]
[EndTime "14:17:55 PST"]
[Termination "MKlose11 won on time"]

1. d4 Nf6 2. c4 g6 3. Nc3 c5 4. d5 d6 5. e4 Bg7 6. Bd3 O-O 7.
h3 e6 8. Nf3 exd5 9. cxd5 b5 10. Nxb5 Nxe4 11. O-O a6 12. Na3 Re8 13. Nc4 a5 14.
Re1 Nf6 15. Bf4 Rxe1+ 16. Qxe1 Ba6 17. Rd1 Bxc4 18. Bxc4 Bf8 19. a4 Nbd7 20. b3 Nb6 21. Qc3 Nxc4 22. Qxc4 Rb8 23. Bd2 Nd7 24. Bc3 Bg7 25. Nd2 Ne5 26. Bxe5 Bxe5 27. Nf3 Bf6 28. Re1 Rb4 29. Qa6 Rxb3 30. Qc6 Rb8 31. Re4 Kg7 32.
Nd2 Rc8 33. Qa6 Qd7 34. Nc4 Rb8 35. g3 Qxh3 36. Re1 Bd4 0-1

[Event "Late-Titled-Tuesday-Blitz-March-05-2024"]
[Site "Chess.com"]
[Date "2024.03.05"]
[Round "2"]
[White "GaiozNigalidze"]
[Black "AccioChess"]
[Result "1-0"]
[WhiteElo "2682"]
[BlackElo "2389"]
[TimeControl "180+1"]
[EndTime "14:17:56 PST"]
[Termination "GaiozNigalidze won on time"]

1. d4 Nf6 2. Qd3 d5 3. Qg3 g6 4. Nc3 Bg7 5. e3 O-O 6. Bd3 c5 7. dxc5 Nbd7 8. Nge2 Nxc5 9. O-O a6 10. Nd4 Ncd7 11. f4 Nc5 12. Bd2 Qb6 13. Rab1 Bd7 14. b4 Nxd3 15. cxd3 Rac8 16. a4 Rc7 17. Rb3 Rfc8 18.
h3 Qd6 19. Qf2 e5 20. fxe5 Qxe5 21. b5 Be8 22. bxa6 bxa6 23. Nce2 Bxa4 24. Rb6 Be8 25.
Rxa6 Nd7 26. Nf4 Nc5 27. Ra3 Ne6 28. Nfxe6 fxe6 29. Ra6 Rf7 30. Qe1 Rxf1+ 31. Qxf1 Bd7 32.
Ra7 Rf8 33. Qe2 Bc8 34. Bc3 Rf7 35. Ra8 Qc7 36. Qb2 Rf8 37. Bb4 Rd8 38. Qa1 Qb7 39. Ra7 Qxb4 40. Rxg7+ Kh8 41. Nc6 1-0

[Event "Late-Titled-Tuesday-Blitz-March-05-2024"]
[Site "Chess.com"]
[Date "2024.03.05"]
[Round "2"]
[White "DonJuan_34"]
[Black "ansko1999"]
[Result "1-0"]
[WhiteElo "2464"]
[BlackElo "2690"]
[TimeControl "180+1"]
[EndTime "14:17:58 PST"]
[Termination "DonJuan_34 won by checkmate"]

1. d4 Nf6 2. c4 b6 3. Nc3 Bb7 4.
d5 e6 5. e4 Bb4 6. Bd3 exd5 7.
exd5 O-O 8. Ne2 c6 9. dxc6 Nxc6 10. O-O Ne5 11. a3 Be7 12. Nd5 Nxd5 13. cxd5 Nxd3 14.
Qxd3 Bf6 15. Nc3 Re8 16. Be3 Qe7 17. Bd4 Bxd4 18. Qxd4 Qe5 19. Rfd1 d6 20. Nb5 Qxd4 21. Rxd4 Re5 22. Rad1 Rae8 23. h4 Re1+ 24. Rxe1 Rxe1+ 25. Kh2 Re5 26. Nxd6 Bxd5 27. Nc4 Rh5 28. g4 Rxh4+ 29.
Kg3 Rh1 30. Rxd5 h6 31. Rd8+ Kh7 32. Rd7 Kg6 33. Ne5+ Kf6 34. Nxf7 a5 35. Nd6 Ke6 36. Rd8 Ke7 37. Nb7 Rc1 38. Rd6 b5 39. Rb6 b4 40.
axb4 a4 41. Nc5 a3 42. bxa3 Rc3+ 43. f3 Rxa3 44. Ne4 Rb3 45. Rb7+ Kf8 46. Nc5 Kg8 47. Nxb3 h5 48. gxh5 Kh8 49. b5 Kh7 50. Rc7 Kh6 51.
b6 Kg5 52. Rc5+ Kh6 53. b7 g5 54. hxg6 Kg7 55. b8=Q Kh6 56. Qh8+ Kxg6 57. Qh5+ Kf6 58. Rc6+ Ke7 59. Qh7+ Kd8 60. Rg6 Kc8 61. Rg8# 1-0